Map: Prion Terraces

Players

Miszu - Winner!

  • Race: Terran Terran
  • League: Master

JmaC

  • Race: Zerg Zerg
  • League: Master

VOD

Have the link to the VOD?

Description

Time

  • Played on: April 1, 2016, 3:58 p.m.
  • Length: 4:34
Show
View Real Time Build Order
Export as new Build Order

Miszu Terran - Winner!

Build Orders:  

Get SALT Encoding   

  12  0:00  SCV  
  13  0:12  SCV  
  14  0:23  Supply Depot  
  14  0:25  SCV  
  15  0:46  Barracks  
  15  0:52  Barracks  
  15  1:05  Barracks  
  14  1:33  Marine  
  15  1:45  Marine  
  16  1:48  Barracks  
  16  1:51  Marine x2  
  16  1:52  Supply Depot  
  18  2:03  Marine  
  19  2:08  Marine  
  19  2:09  Marine  
  21  2:21  Marine  
  22  2:26  Marine  
  22  2:27  Marine  
  23  2:43  Marine x2  
  24  2:44  Marine  
  24  2:45  Marine  
  25  3:01  Marine x2  
  25  3:02  Marine  
  25  3:03  Marine  
  28  3:18  Marine  
  16  3:50  Marine  
Show
View Real Time Build Order
Export as new Build Order

JmaC Zerg 

Build Orders: Pool First 

Get SALT Encoding   

  12  0:01  Drone  
  13  0:16  Overlord  
  13  0:21  Drone  
  14  0:35  Drone x2  
  16  0:40  Drone  
  17  0:47  Spawning Pool  
  16  0:52  Drone  
  16  0:55  Extractor  
  16  1:21  Drone  
  16  1:22  Drone x2  
  19  1:36  Zergling x2  
  19  1:37  Queen  
  22  1:44  Overlord  
  22  2:00  Metabolic Boost  
  22  2:04  Zergling x2  
  22  2:07  Spine Crawler  
  22  2:09  Zergling x2  
  23  2:18  Zergling x2  
  24  2:27  Zergling x2  
  24  2:29  Hatchery  
  23  2:37  Zergling x2  
  24  2:46  Zergling x6  
  24  2:47  Queen  
  29  2:51  Overlord  
  29  3:05  Overlord  
  29  3:13  Zergling x2  
  29  3:19  Zergling x6, Spine Crawler x3  
  29  3:26  Zergling x2  
  22  3:48  Zergling x4  
  8  4:03  Zergling x2  
  8  4:13  Zergling x2  
Tags
 
Add a new tag
Caveats
  • Supply blocks, unpowered buildings, or Contaminate may cause inaccurate times.
  • Supply counts are checked every 10 seconds.